 Dungeon Crawl Stone Soup version 0.23.2-30-g0e89c35 (webtiles) character file.

Game seed: 18139655037036375745

44 Fortress the Firebug (level 3, -2/26 HPs)
             Began as a Draconian Fire Elementalist on June 14, 2019.
             Slain by an orc priest
             ... wielding a +0 war axe
              (6 damage)
             ... on level 2 of the Dungeon.
             The game lasted 00:04:42 (1138 turns).

Fortress the Firebug (Draconian Fire Elementalist)  Turns: 1138, Time: 00:04:42

Health: -2/26      AC:  5    Str: 10    XL:     3   Next: 41%
Magic:  0/6        EV: 12    Int: 16    God:
Gold:   84         SH:  0    Dex: 11    Spells: 5/6 levels left

rFire    . . .     SeeInvis .   c - +0 dagger
rCold    . . .     Gourm    .   (no shield)
rNeg     . . .     Faith    .   (armour unavailable)
rPois    .         Spirit   .   (helmet restricted)
rElec    .         Reflect  .   (no cloak)
rCorr    .         Harm     .   (no gloves)
MR       .....                  (no boots)
Stlth    ++........             (no amulet)
HPRegen  0.08/turn              (no ring)
MPRegen  0.10/turn              (no ring)

@: very slightly contaminated
A: unfitting armour, cold-blooded, AC +5
a: no special abilities


You were on level 2 of the Dungeon.
You were not hungry.

You visited 1 branch of the dungeon, and saw 2 of its levels.

You collected 84 gold pieces.

Inventory:

Hand Weapons
 c - a +0 dagger (weapon)
Missiles
 d - 33 stones (quivered)
Scrolls
 a - 3 scrolls of identify {unknown}
 e - a scroll of teleportation {unknown}
 h - a scroll of fear {unknown}
 i - a scroll of enchant armour {unknown}
Potions
 f - a potion of ambrosia {unknown}
 g - a potion of curing {unknown}
 j - a potion of heal wounds {unknown}
 k - a potion of magic {unknown}
Comestibles
 b - 4 rations


   Skills:
 - Level 2.0 Dodging
 - Level 2.0 Stealth
 + Level 2.3 Spellcasting
 + Level 1.3 Conjurations
 + Level 3.9 Fire Magic


You had 5 spell levels left.
You knew the following spells:

 Your Spells              Type           Power        Failure   Level  Hunger
a - Flame Tongue          Conj/Fire      ##...        7%          1    #......

Your spell library contained the following spells:

 Spells                   Type           Power        Failure   Level  Hunger
 Throw Flame              Conj/Fire      ##....       11%         2    ###....
 Conjure Flame            Conj/Fire      ##......     21%         3    ###....
 Inner Flame              Hex/Fire       #.......     26%         3    ###....
 Sticky Flame             Conj/Fire      ##......     56%         4    #####..
 Fireball                 Conj/Fire      ##........   88%         5    ######.


Dungeon Overview and Level Annotations

Branches:
Dungeon (2/15)

Altars:


Innate Abilities, Weirdness & Mutations

Your plain brown scales are hard. (AC +5)
You cannot fit into any form of body armour.
You are cold-blooded and may be slowed by cold attacks.


Message History

You tail-slap the orc priest, but do no damage.
The orc priest is heavily wounded.
The bat barely misses you. The bat closely misses you.
The orc wizard gestures wildly while chanting.
The orc wizard blinks!
The orc priest barely misses you.
The orc wizard casts a spell.
The orc wizard blinks!
Casting: Flame Tongue (safe; 7% risk of failure)
Confirm with . or Enter, or press ? or * to list all spells.
You don't know that spell.
Casting: Flame Tongue (safe; 7% risk of failure)
Confirm with . or Enter, or press ? or * to list all spells.
Aiming: Flame Tongue (safe; 7% risk of failure)
Press: ? - help, Shift-Dir - straight line, f/p - orc priest
Aim: an orc priest, wielding a +0 war axe (heavily wounded)
The flame tongue hits the orc priest.
The orc priest is severely wounded.
The bat completely misses you.
The orc priest hits you with a +0 war axe.
You die...

#.#. . .. ####.#...##
##. ....+..... ..
####.#.#...#.##.#
....... ......# .#.
...... #.... #....
#####.#.######?###......
..............b.@oo.....
####.#.######.###......
#.#.......... .....
#..........### .#§#
#............ # #
#..........##
#####..##........
.......†........#
.####..##.......#


You could see an orc priest, an orc wizard and a bat.

Vanquished Creatures
  An ooze (D:1)
  3 dart slugs
  A leopard gecko (D:2)
  An orc (D:2)
  5 bats
  2 giant cockroaches (D:1)
  2 goblins (D:1)
  2 hobgoblins (D:1)
  4 jackals (D:1)
  A quokka (D:2)
  3 frilled lizards (D:1)
  3 kobolds (D:1)
  3 rats
31 creatures vanquished.

Notes
Turn   | Place    | Note
-------+----------+-------------------------------------------
     0 | D:1      | Fortress the Draconian Fire Elementalist began the quest
                  | for the Orb.
     0 | D:1      | Reached XP level 1. HP: 14/14 MP: 3/3
   208 | D:1      | Reached XP level 2. HP: 20/20 MP: 3/5
   732 | D:1      | Reached XP level 3. HP: 26/26 MP: 1/6
  1138 | D:2      | Slain by an orc priest

Skill      XL: |  1  2 |
---------------+-------+-----
Dodging        | 2 |  2.0
Stealth        | 2 |  2.0
Spellcasting   | |  2.3
Conjurations   | |  1.3
Fire Magic     | |  3.9

Action                   || total
-------------------------++-------
Melee: Dagger            ||    24
       Tailslap          ||     2
 Cast: Flame Tongue      ||    50
 Stab: Sleeping          ||     1
  Eat: Chunk             ||     1
Armor: Skin              ||    16
Dodge: Dodged            ||    45
